 Dungeon Crawl Stone Soup version 0.26-a0-639-g72c4674329 (webtiles) character file.

Game seed: 16625035984244554627

79 Flugslaktarn the Skirmisher (level 4, -6/37 HPs)
             Began as a Formicid Fighter on Sept 21, 2020.
             Mangled by Blork the orc
             ... wielding a +0 dire flail
              (7 damage)
             ... on level 4 of the Dungeon.
             The game lasted 00:00:19 (452 turns).

Flugslaktarn the Skirmisher (Formicid Fighter)       Turns: 452, Time: 00:00:20

Health: -6/37      AC:  7    Str: 22    XL:     4   Next: 64%
Magic:  4/4        EV:  8    Int:  7    God:
Gold:   0          SH:  9    Dex: 10    Spells: 3/3 levels left

rFire    . . .     SeeInvis +   a - +0 war axe
rCold    . . .     Faith    .   c - +0 kite shield
rNeg     . . .     Spirit   .   b - +0 scale mail
rPois    .         Reflect  .   (helmet unavailable)
rElec    .         Harm     .   (no cloak)
rCorr    .         Rampage  .   (no gloves)
MR       .....                  (no boots)
Stlth    ..........             (no amulet)
HPRegen  0.12/turn              (no ring)
MPRegen  0.09/turn              (no ring)

@: mighty
A: permanent stasis, dig shafts and tunnels, four strong arms, antennae 3
a: Dig, Shaft Self


You were on level 4 of the Dungeon.
You visited 1 branch of the dungeon, and saw 4 of its levels.

Inventory:

Hand Weapons
 a - a +0 war axe (weapon)
Armour
 b - a +0 scale mail (worn)
 c - a +0 kite shield (worn)
Scrolls
 e - a scroll of immolation {unknown}
 f - a scroll of remove curse {unknown}
 g - 3 scrolls of identify {unknown}
 h - a scroll of magic mapping {unknown}
 i - a scroll of random uselessness {unknown}


   Skills:
 * Level 4.2 Fighting
 * Level 3.0 Axes
 + Level 3.7 Armour
 + Level 4.1 Shields


You had 3 spell levels left.
You didn't know any spells.
Your spell library was empty.

Dungeon Overview and Level Annotations

Branches:
Dungeon (4/15)
 Temple: D:4-7

Altars:

Annotations:
D:4 Blork the orc


Innate Abilities, Weirdness & Mutations

You cannot be hasted, slowed, berserked, paralysed or teleported.
You can dig through walls and to a lower floor.
Your four strong arms can wield two-handed weapons with a shield.
You have a pair of large antennae on your head. (SInv)


Message History

You slash the hobgoblin!
You kill the hobgoblin!
Your shield prevents you from hitting the goblin.
You barely miss the goblin.
The goblin no longer looks unusually strong.
The goblin barely misses you. The goblin hits you with a +0 dagger!
* * * LOW HITPOINT WARNING * * *
The goblin hits you but does no damage.
Blork the orc hits you with a +0 dire flail.
* * * LOW HITPOINT WARNING * * *
You block the hobgoblin's attack. The goblin barely misses you.
You slice Blork the orc!!
Blork the orc is severely wounded.
You slash the goblin!
You kill the goblin!
You closely miss the hobgoblin. You slash the goblin!
You kill the goblin!
You block the hobgoblin's attack.
Blork the orc hits you with a +0 dire flail!
You die...

#### ##...###
#########......o
##....>...og..
#........ogo#
#........†@#
#....#...)o##
#...........##
#...........#
#.....<###......
.<......# #.....
....#.... ......
### ###...
....## ##...
...##


You could see Blork the orc, an orc wizard, 2 orcs, a hobgoblin (strong) and a
goblin (strong).

Vanquished Creatures
  Robin (D:4)
  4 adders
  2 worms
  An orc (D:4)
  3 bats
  A giant cockroach (D:2)
  9 goblins
  2 hobgoblins (D:4)
  2 kobolds
  A rat (D:1)
26 creatures vanquished.

Notes
Turn   | Place    | Note
-------+----------+-------------------------------------------
     0 | D:1      | Flugslaktarn the Formicid Fighter began the quest for the
                  | Orb.
     0 | D:1      | Reached XP level 1. HP: 18/18 MP: 1/1
    22 | D:2      | Reached XP level 2. HP: 24/24 MP: 2/2
    52 | D:2      | Reached XP level 3. HP: 21/30 MP: 3/3
   437 | D:4      | Noticed Robin
   443 | D:4      | Reached XP level 4. HP: 27/37 MP: 4/4
   448 | D:4      | Noticed Blork the orc
   449 | D:4      | Killed Robin
   451 | D:4      | HP: 1/37 [Blork the orc/+0 dire flail (4)]
   452 | D:4      | Mangled by Blork the orc

Illustrated notes

Levels and vault maps discovered:
D:1:      eino_arrival_water_cross, layout_basic, chequers_mini_garden,
          minivault_27, minmay_domino_4
D:2:      layout_rooms, marbit_many_paths
D:3:      layout_loops_ring, lemuel_coloured_pillars_altar,
          gup_sewer_entry_pipe, minmay_randomly_rotated_circles
D:4:      layout_layer_cave, uniq_blork_the_orc, uniq_robin, uniq_ijyb

Skill      XL: |  1  2  3  4 |
---------------+-------------+-----
Shields        | 4 |  4.1
Fighting       | 4 |  4.2
Axes           | 3 |  3.0
Armour         | |  3.7

Action                   |  1- 3 |  4- 6 || total
-------------------------+-------+-------++-------
Melee: War axe           |    45 |     8 ||    53
  Use: Potion            |       |     1 ||     1
Armor: Scale mail        |    24 |    11 ||    35
Dodge: Dodged            |    21 |     9 ||    30
Block: Kite shield       |    32 |    13 ||    45

Table legend: (Time is in decaauts)
 A = Elapsed time spent in this place.
 B = Non-inter-level travel time spent in this place.
 C = Inter-level travel time spent in this place.
 D = Time resting spent in this place.
 E = Time spent auto-exploring this place.
 F = Levels seen in this place.
 G = Mean time per level.
                   A        B        C        D        E       F      G
               +--------+--------+--------+--------+--------+-----+--------+
         Total |    473 |    417 |     56 |      0 |    296 |   4 |  118.2 |
       Dungeon |    473 |    417 |     56 |      0 |    296 |   4 |  118.2 |
               +--------+--------+--------+--------+--------+-----+--------+

Top non-repeatable levels by time:
     D:2: 232 daAuts
     D:3: 197 daAuts
     D:4: 22 daAuts
     D:1: 20 daAuts
